 Dungeon Crawl Stone Soup version 0.30-a0-347-gf58ed5266c (webtiles) character file.

Game seed: 8661092500235123820

3717 mcwallace the Zephyrmancer (level 10, -7/72 HPs)
             Began as an Octopode Air Elementalist on Nov 6, 2022.
             Was a Believer of Cheibriados.
             Hit by a large rock thrown by a cyclops (45 damage)
             ... on level 7 of the Dungeon.
             The game lasted 00:33:49 (9603 turns).

mcwallace the Zephyrmancer (OpAE)                   Turns: 9603, Time: 00:33:50

Health: -7/72      AC:  1    Str: 12    XL:     10   Next: 14%
Magic:  12/17      EV: 15    Int: 25    God:    Cheibriados [**....]
Gold:   163        SH:  0    Dex: 17    Spells: 5/19 levels left

rFire   . . .      SeeInvis .    c - +4 trident (venom) {polearm}
rCold   . . .      Faith    .    (no shield)
rNeg    . . .      Spirit   .    (helmet restricted)
rPois   .          Reflect  .    (no amulet)
rElec   .          Harm     .    v - ring of wizardry
rCorr   .          Rampage  .    (no ring)
Will    .....                    (no ring)
Stlth   +++.......               (no ring)
HPRegen 0.32/turn                (no ring)
MPRegen 0.15/turn                (no ring)
                                 (no ring)
                                 (no ring)

@: very slow
A: almost no armour, amphibious, 8 rings, camouflage 1, gelatinous body 1,
(nimble swimmer 1), tentacles, antennae 1, robust 1, wild magic 1, noise
suppression
a: Renounce Religion, Bend Time


You were on level 7 of the Dungeon.
You worshipped Cheibriados.
Cheibriados was pleased with you.
You visited 2 branches of the dungeon, and saw 8 of its levels.

You collected 247 gold pieces.
You spent 84 gold pieces at shops.


Innate Abilities, Weirdness & Mutations

You cannot wear most types of armour.
You are amphibious.
You can wear up to eight rings at the same time.
Your skin changes colour to match your surroundings (Stealth+).
Your rubbery body absorbs attacks. (AC +1, EV +1)
((You are camouflaged when in or above water. (Stealth+)))
You have tentacles for arms and can constrict up to eight enemies at once.
You have a pair of small antennae on your head.
You are robust. (+10% HP)
Your spells are a little harder to cast, but a little more powerful.
You passively dampen the noise of your surroundings.


   Skills:
 - Level 5.0 Fighting
 - Level 5.3 Dodging
 - Level 2.6 Stealth
 - Level 5.0 Spellcasting
 - Level 3.4 Conjurations
 + Level 8.4 Air Magic
 + Level 4.4 Poison Magic
 + Level 6.3 Invocations


You had 5 spell levels left.
You knew the following spells:

 Your Spells              Type           Power      Damage    Failure   Level
a - Shock                 Conj/Air       100%       1d9       1%          1
b - Poisonous Vapours     Pois/Air       100%       N/A       1%          2
c - Airstrike             Air            29%        2d(5-21)  1%          4
d - Olgreb's Toxic Radia  Pois           36%        N/A       8%          4
e - Summon Guardian Gole  Hex/Summ       8%         N/A       13%         3

Your spell library contained the following spells:

 Spells                   Type           Power      Damage    Failure   Level
 Static Discharge         Conj/Air       92%        2-6/arc   1%          2
 Swiftness                Air            59%        N/A       1%          3
 Sting                    Tmut/Pois      88%        1d7       2%          1
 Vhi's Electric Charge    Tloc/Air       70%        N/A       2%          3
 Kindle Blastsparks       Fire/Tloc/Air  52%        2d14      4%          3
 Freeze                   Ice            32%        1d5       5%          1
 Summon Small Mammal      Summ           32%        N/A       5%          1
 Hailstorm                Conj/Ice       19%        3d6       7%          3
 Arcjolt                  Conj/Air       23%        1d33      12%         5
 Lightning Bolt           Conj/Air       23%        1d38      12%         5
 Call Canine Familiar     Summ           8%         N/A       13%         3
 Frozen Ramparts          Ice            16%        1d3       13%         3
 Fulminant Prism          Conj/Hex       9%         3d7       21%         4
 Iskenderun's Mystic Bla  Conj/Tloc      19%        2d6       21%         4
 Lee's Rapid Deconstruct  Erth           4%         3d5*      69%         5

Inventory:

Hand Weapons
 c - a +4 trident of venom (weapon) {polearm}
   (You took it off a gnoll sergeant on level 7 of the Dungeon)
 f - a +2 dagger of flaming {short}
   (You took it off a goblin on level 1 of the Dungeon)
Missiles
 d - 2 throwing nets {=f!fthrowing}
 e - 7 boomerangs {throwing}
 i - 37 stones {throwing}
 s - 2 poisoned darts {throwing}
 E - 3 javelins {throwing}
Jewellery
 v - a ring of wizardry (left tentacle)
   (You found it on level 4 of the Dungeon)
Wands
 y - a wand of roots (10)
   (You took it off Blork the orc on level 4 of the Dungeon)
 z - a wand of flame (26)
   (You found it on level 5 of the Dungeon)
 A - a wand of mindburst (28)
   (You found it on level 6 of the Dungeon)
Scrolls
 g - a scroll of noise {!r}
 h - a scroll of enchant armour
 k - a scroll of brand weapon
 m - 2 scrolls of enchant weapon
 o - 3 scrolls of magic mapping {!r}
 q - a scroll of poison {unknown}
 w - a scroll of silence {unknown}
 x - 3 scrolls of fog
 B - a scroll of blinking {unknown}
Potions
 a - a potion of magic
 j - a potion of heal wounds {@q2}
 l - 2 potions of flight
 n - a potion of haste {unknown}
 p - 2 potions of attraction {!q}
 r - 2 potions of brilliance
 t - a potion of invisibility {unknown}
 u - a potion of degeneration {!q@e2}
 C - a potion of curing {@q1}
 D - a potion of mutation {!q}

Dungeon Overview and Level Annotations

Branches:
Dungeon (7/15) Zot: 38088  Temple (1/1) D:5 Zot: 8794

Altars:
Ashenzari
Cheibriados
Dithmenos
Elyvilon
Fedhas
Gozag
Hepliaklqana
Kikubaaqudgha
Makhleb
Nemelex Xobeh
Okawaru
Qazlal
Ru
Uskayaw
Vehumet
Wu Jian
Xom
Zin

Shops:
D:6 *   D:7 *

Annotations:
D:4 1 runed translucent door, Crazy Yiuf, Menkaure
D:7 Pikel

+.....#.....#..#....#
#.....# #.#.#....# ##....#
#.#......## #....#
##.##.....## #....#
#...#.....#. #....#
##...##....#. #....#
.#.....#....'.
##+###.##.....##...##
#######...@..#.......#..###
#...........##.......##....
#........9..#...).....#....
#...C......##.........##...
#........#####...#########.
#......###..#.......[.#..##
##....###..#.#.#######[.#..#
###...###...#..#.#
...#..##..
#...###..#...#.#.#{
#.#...##.


You could see a cyclops (ally target) and a friendly guardian golem (summoned).


Message History

😮 HP[-10]
You take 10 damage, and now have 43/72 hp.
Casting: Summon Guardian Golem (dangerous; 13% risk of failure)
Confirm with . or Enter, or press ? or * to list all spells.
You begin to radiate toxic energy.
The brown ugly thing is poisoned.
The cyclops is poisoned.
The cyclops looks even sicker.
The brown ugly thing stings you!
* * * LOW HITPOINT WARNING * * *
You are splashed with acid!
* * * LOW HITPOINT WARNING * * *
😨 HP[-18] MP[-4]
You take 18 damage, and now have 25/72 hp.
MASSIVE DAMAGE!! (PAUSE)
You lost 4 mp, and now have 10/17 mp.
As you read the scroll of teleportation {@r4}, it crumbles to dust.
You feel strangely unstable.
Your toxic aura wanes.
The brown ugly thing misses you. 😨 HP[+1] MP[+1]
Casting: Olgreb's Toxic Radiance (dangerous; 8% risk of failure)
Confirm with . or Enter, or press ? or * to list all spells.
Aiming: Airstrike (dangerous; 1% risk of failure)
Press: ? - help, Dir - move target, f - brown ugly thing
Aim: a brown ugly thing (lightly wounded, poisoned, ally target, empty space bonus: 0/8)
The air twists around and strikes the brown ugly thing.
The brown ugly thing misses you. 😨 MP[-4]
You lost 4 mp, and now have 7/17 mp.
Unknown command.
Casting: Airstrike (dangerous; 1% risk of failure)
Confirm with . or Enter, or press ? or * to list all spells.
Aiming: Airstrike (dangerous; 1% risk of failure)
Press: ? - help, Dir - move target, f/p - brown ugly thing
Aim: a brown ugly thing (lightly wounded, poisoned, ally target, empty space bonus: 0/8)
The air twists around and strikes the brown ugly thing!
The brown ugly thing looks more healthy.
The brown ugly thing stings you!
* * * LOW HITPOINT WARNING * * *
You are splashed with acid!
* * * LOW HITPOINT WARNING * * *
😱 HP[-16] MP[-4]
You take 16 damage, and now have 10/72 hp.
MASSIVE DAMAGE!! (PAUSE)
You lost 4 mp, and now have 3/17 mp.
Casting: Airstrike (dangerous; 1% risk of failure)
Confirm with . or Enter, or press ? or * to list all spells.
Aiming: Shock (safe; 1% risk of failure)
Press: ? - help, Shift-Dir - straight line, f/p - brown ugly thing
Aim: a brown ugly thing (moderately wounded, ally target, 74% to hit)
The zap hits the brown ugly thing.
Your surroundings suddenly seem different. 😱 HP[+1] MP[-1]
You lost 1 mp, and now have 2/17 mp. 😱 HP[+1] 😱 MP[+1] 😱 HP[+1] 😱 HP[+1]
You are no longer corroded. 😱 MP[+1] 😱 HP[+1] 😱 HP[+1] 😱 MP[+1] 😱 HP[+1] 😱 HP[+1] 😨 HP[+1] MP[+1]
There is an open door here. 😨 HP[+1]
You close the door.
You start resting.
A lemure comes into view. 😨 HP[+11] MP[+5]
You regained 11 hp, and now have 31/72 hp.
You regained 5 mp, and now have 11/17 mp.
You open the door.
There is an open door here. 😨 HP[+1] MP[+1] As you close the door, it creaks loudly!
You start resting.
A cyclops is nearby! 😨 HP[+4] MP[+2]
You regained 4 hp, and now have 36/72 hp.
You regained 2 mp, and now have 14/17 mp.
Casting: Shock (safe; 1% risk of failure)
Confirm with . or Enter, or press ? or * to list all spells.
A guardian golem appears, shielding your allies.
The cyclops shouts! 😮 HP[+1] MP[-3]
You lost 3 mp, and now have 11/17 mp.
What are your orders? t - Shout!
Orders for allies: a - Attack new target. r - Retreat! s - Stop attacking. g - Guard the area. f - Follow me.
Anything else - Cancel.
Gang up on whom?
Press: ? - help, Dir - move target, f - cyclops
Aim: a cyclops, quivering large rocks (lightly wounded) Attack!
The cyclops throws a large rock.
The large rock hits you!!!
Ouch! That really hurt!
You die...

Skill      XL: |  1  2  3  4  5  6  7  8  9 |
---------------+----------------------------+-----
Fighting       | 1 2 3 5 |  5.0
Conjurations   | 2 3 |  3.4
Dodging        | 3 4 5 |  5.3
Spellcasting   | 3 4 5 |  5.0
Air Magic      | 4 6 8 |  8.4
Invocations    | 2 6 |  6.3
Poison Magic   | 4 |  4.4
Stealth        | |  2.6

Action                   |  1- 3 |  4- 6 |  7- 9 | 10-12 || total
-------------------------+-------+-------+-------+-------++-------
Melee: Unarmed           |     4 |       |       |       ||     4
       Constrict         |     3 |       |     3 |       ||     6
       Dagger            |    13 |       |    21 |       ||    34
       Tentacles         |     4 |       |     9 |       ||    13
       Punch             |       |       |     1 |       ||     1
       Trident           |       |       |    13 |       ||    13
 Cast: Shock             |    73 |    78 |   128 |     1 ||   280
       Poisonous Vapours |       |       |    14 |       ||    14
       Airstrike         |       |       |    63 |     6 ||    69
       Summon Guardian G |       |       |     1 |     2 ||     3
       Olgreb's Toxic Ra |       |       |       |     1 ||     1
Invok: Bend Time         |       |       |     1 |       ||     1
Evoke: Wand              |       |       |     9 |       ||     9
  Use: Potion            |       |     4 |     1 |       ||     5
       Scroll            |       |       |    14 |     1 ||    15
 Stab: Sleeping          |       |       |     1 |       ||     1
Armor: Skin              |    11 |       |     4 |       ||    15
Dodge: Dodged            |    18 |     6 |    52 |     5 ||    81

Levels and vault maps discovered:
D:1:      psy_arrival_dodecagon, layout_rooms
D:2:      layout_basic, serial_forest, infiniplex_forest_lined_room_2,
          infiniplex_forest_clump_long, infiniplex_forest_straight_5,
          infiniplex_forest_diagonal, infiniplex_forest_clump_medium,
          infiniplex_forest_corner_2, basic_altar
D:3:      layout_basic, shapermc_ecumenical_altar_totnotflames,
          minmay_surrounded
D:4:      layout_loops_ring, grunt_temple_overflow_open, sigmund_army,
          uniq_grinder, uniq_menkaure, uniq_blork_the_orc,
          uniq_crazy_yiuf_cottage
D:5:      layout_rooms, lemuel_coloured_pillars_altar,
          minmay_temple_entry_gardened_gates, corexii_checkpoint_a,
          grunt_ministairs_13
D:6:      layout_cave_pools, vehumet_crystals, serial_shops,
          nicolae_shop_overgrown_old_shop
D:7:      minmay_the_grid_four_pointed_star
          [minmay_the_grid_triangle_9x9_from_above,
          minmay_the_grid_triangle_9x9_semitri,
          minmay_the_grid_triangle_9x9_empty,
          minmay_the_grid_triangle_9x9_zippers_horizontal,
          minmay_the_grid_prize_shrinking_boxes], layout_gridville,
          fedhas_altar_decomposition, nicolae_shop_gadgets, uniq_pikel
Temple:   nicolae_temple_godzebo

Notes
Turn   | Place    | Note
-------+----------+-------------------------------------------
     0 | D:1      | mcwallace the Octopode Air Elementalist began the quest for
                  | the Orb.
     0 | D:1      | Reached XP level 1. HP: 11/11 MP: 3/3
     0 | D:1      | magus.rc [v1.9.6]
   140 | D:1      | Reached XP level 2. HP: 11/18 MP: 1/5
   491 | D:1      | Reached XP level 3. HP: 22/22 MP: 3/6
   606 | D:1      | Reached skill level 1 in Fighting
  1212 | D:2      | Found a shimmering altar of Xom.
  1373 | D:2      | You pick up a book of Blasting and begin reading...
  1373 | D:2      | You add the spells Kindle Blastsparks, Fulminant Prism,
                  | Iskenderun's Mystic Blast and Lee's Rapid Deconstruction to
                  | your library.
  1458 | D:2      | Reached XP level 4. HP: 28/28 MP: 2/7
  1663 | D:2      | You add the spells Sting, Poisonous Vapours and Olgreb's
                  | Toxic Radiance to your library.
  2019 | D:3      | Noticed a scorpion
  2312 | D:3      | Noticed a necrophage
  2325 | D:3      | Killed a necrophage
  2326 | D:3      | Reached skill level 2 in Conjurations
  2326 | D:3      | Reached XP level 5. HP: 22/34 MP: 0/9
  2417 | D:3      | Reached skill level 3 in Dodging
  2472 | D:3      | Reached skill level 2 in Fighting
  2472 | D:3      | Reached skill level 3 in Spellcasting
  2472 | D:3      | Gained mutation: Your spells are a little harder to cast,
                  | but a little more powerful. [potion of mutation]
  2472 | D:3      | Gained mutation: You are robust. (+10% HP) [potion of
                  | mutation]
  2472 | D:3      | Gained mutation: You passively dampen the noise of your
                  | surroundings. [potion of mutation]
  2472 | D:3      | Gained mutation: You have a pair of small antennae on your
                  | head. [potion of mutation]
  2472 | D:3      | HP: 6/37 [poisoned by a scorpion]
  2474 | D:3      | HP: 2/37 [poisoned by a scorpion]
  2766 | D:3      | Found a faded altar of an unknown god.
  3081 | D:4      | Reached XP level 6. HP: 42/42 MP: 5/10
  3310 | D:4      | Noticed Grinder
  3317 | D:4      | Learned a level 2 spell: Poisonous Vapours
  3361 | D:4      | Paralysed by Grinder for 4 turns
  3389 | D:4      | Killed Grinder
  3390 | D:4      | Reached skill level 3 in Conjurations
  3390 | D:4      | Reached skill level 4 in Air Magic
  3496 | D:4      | Reached XP level 7. HP: 49/49 MP: 7/12
  3531 | D:4      | You pick up a book of Callings and begin reading...
  3531 | D:4      | You add the spells Summon Small Mammal, Call Canine
                  | Familiar and Summon Guardian Golem to your library.
  3788 | D:4      | Noticed Blork the orc
  3797 | D:4      | Killed Blork the orc
  4027 | D:4      | Found a runed translucent door.
  4028 | D:4      | Noticed Crazy Yiuf
  4158 | D:4      | Noticed Menkaure
  4224 | D:4      | Found an ancient bone altar of Kikubaaqudgha.
  4225 | D:4      | Found a white marble altar of Elyvilon.
  4227 | D:4      | Found a hazy altar of Hepliaklqana.
  4239 | D:4      | You pick up a book of Lightning and begin reading...
  4239 | D:4      | You add the spells Vhi's Electric Charge, Lightning Bolt
                  | and Arcjolt to your library.
  4331 | D:5      | Entered Level 5 of the Dungeon
  4343 | D:5      | HP: 8/49 [ogre/+0 giant spiked club (13)]
  4346 | D:5      | Reached skill level 3 in Fighting
  4593 | D:5      | Reached skill level 4 in Dodging
  4732 | D:5      | HP: 11/50 [poisoned by a water moccasin]
  4732 | D:5      | HP: 2/50 [water moccasin (9)]
  4736 | D:5      | Reached skill level 4 in Spellcasting
  4905 | D:5      | HP: 10/50 [black bear (6)]
  4907 | D:5      | Reached XP level 8. HP: 11/58 MP: 5/14
  5075 | D:5      | Found a staircase to the Ecumenical Temple.
  5083 | Temple   | Entered the Ecumenical Temple
  5263 | D:5      | Reached skill level 5 in Air Magic
  5338 | D:5      | You pick up a book of Frost and begin reading...
  5338 | D:5      | You add the spells Freeze, Frozen Ramparts and Hailstorm to
                  | your library.
  5504 | D:5      | Reached skill level 4 in Fighting
  5912 | D:5      | Found a snail-covered altar of Cheibriados.
  5920 | D:5      | Became a worshipper of Cheibriados the Contemplative
  6046 | D:6      | Reached skill level 5 in Dodging
  6177 | D:6      | Learned a level 4 spell: Airstrike
  6313 | D:6      | Reached skill level 5 in Spellcasting
  6672 | D:6      | Found Omufikh's Assorted Antiques.
  6681 | D:6      | Reached * piety under Cheibriados
  6798 | D:6      | Bought 2 scrolls of identify for 84 gold pieces
  6989 | D:6      | Reached skill level 5 in Fighting
  6989 | D:6      | Reached skill level 6 in Air Magic
  6989 | D:6      | Reached skill level 1 in Invocations
  7100 | D:6      | Found a radiant altar of Vehumet.
  7104 | D:6      | Reached skill level 2 in Invocations
  7104 | D:6      | Reached XP level 9. HP: 67/67 MP: 7/16
  7444 | D:7      | Found Minwenom's Gadget Gallery.
  7471 | D:7      | Reached skill level 3 in Invocations
  7810 | D:7      | Noticed Pikel
  7978 | D:7      | Noticed a two-headed ogre
  7980 | D:7      | Noticed a two-headed ogre
  7981 | D:7      | Reached skill level 7 in Air Magic
  7995 | D:7      | Reached skill level 4 in Invocations
  8136 | D:7      | Reached skill level 1 in Poison Magic
  8137 | D:7      | Reached skill level 5 in Invocations
  8390 | D:7      | Reached skill level 2 in Poison Magic
  8898 | D:7      | Learned a level 4 spell: Olgreb's Toxic Radiance
  8902 | D:7      | Learned a level 3 spell: Summon Guardian Golem
  9156 | D:7      | Found a blossoming altar of Fedhas.
  9184 | D:7      | HP: 6/67 [two-headed ogre/+0 dire flail (19)]
  9186 | D:7      | Killed a two-headed ogre
  9187 | D:7      | Reached skill level 8 in Air Magic
  9187 | D:7      | Reached skill level 4 in Poison Magic
  9187 | D:7      | Reached skill level 6 in Invocations
  9187 | D:7      | Reached XP level 10. HP: 7/72 MP: 8/17
  9384 | D:7      | Reached ** piety under Cheibriados
  9515 | D:7      | Noticed a cyclops
  9519 | D:7      | Noticed a brown ugly thing
  9528 | D:7      | HP: 10/72 [acid (9)]
  9603 | D:7      | Hit by a large rock thrown by a cyclops

Vanquished Creatures
  A two-headed ogre (D:7)
  Grinder (D:4)
  A yak (D:7)
  A basilisk (D:7)
  2 water moccasins
  2 orc warriors (D:7)
  2 sky beasts
  4 black bears
  3 ogres
  A phantom (D:6)
  A lemure (D:7)
  Blork the orc (D:4)
  A gnoll sergeant (D:7)
  7 necrophages
  4 scorpions
  A wyvern zombie (D:7)
  A howler monkey (D:5)
  A bullfrog zombie (D:7)
  A centaur zombie (D:7)
  A hound (D:6)
  6 iguanas
  2 orc wizards
  2 adders
  3 gnolls (D:7)
  3 white imps
  2 ufetubi
  2 worms (D:2)
  3 dart slugs
  18 orcs
  7 bats
  10 endoplasms
  A giant cockroach (D:3)
  9 hobgoblins
  5 jackals
  13 kobolds
  2 quokkas
  7 ball pythons
  3 frilled lizards
  5 goblins
  2 rats
142 creatures vanquished.

Vanquished Creatures (others)
  A vampire (D:7)
  7 bushes (D:7)
  17 plants
25 creatures vanquished.

Grand Total: 167 creatures vanquished

Table legend:
 A = Non-vault XP
 B = Vault XP
 C = Vault XP percentage of total XP
 D = Non-vault monster count
 E = Vault monster count
 F = Vault count percentage of total count
                 A         B        C        D         E       F
            +---------+---------+-------+---------+---------+-------
      Total |    2521 |    2789 |  52.5 |     114 |      27 |  19.1
            +---------+---------+-------+---------+---------+-------
        D:1 |      55 |       0 |   0.0 |      30 |       0 |   0.0
        D:2 |      37 |       0 |   0.0 |      10 |       0 |   0.0
        D:3 |     106 |     120 |  53.1 |      11 |       4 |  26.7
        D:4 |      54 |     381 |  87.6 |      12 |       4 |  25.0
        D:5 |     728 |     132 |  15.3 |      18 |       4 |  18.2
        D:6 |     994 |       0 |   0.0 |      21 |       0 |   0.0
        D:7 |     547 |    2156 |  79.8 |      12 |      15 |  55.6
            +---------+---------+-------+---------+---------+-------

Illustrated notes

Table legend:
 A = Kills in this place as a percentage of kills in entire the game.
 B = Kills by you in this place as a percentage of kills by you in the entire game.
 C = Kills by friends in this place as a percentage of kills by friends in the entire game.
 D = Other kills in this place as a percentage of other kills in the entire game.
 E = Experience gained in this place as a percentage of experience gained in the entire game.
 F = Experience gained in this place divided by the number of levels of this place that you have seen.
                   A       B       C       D       E      F
               +-------+-------+-------+-------+-------+----------------------
         Total | 100.0 | 100.0 |   N/A |   N/A | 100.0 | 663.8
       Dungeon | 100.0 | 100.0 |   N/A |   N/A | 100.0 | 758.6
               +-------+-------+-------+-------+-------+----------------------

Table legend: (Time is in decaauts)
 A = Elapsed time spent in this place.
 B = Non-inter-level travel time spent in this place.
 C = Inter-level travel time spent in this place.
 D = Time resting spent in this place.
 E = Time spent auto-exploring this place.
 F = Levels seen in this place.
 G = Mean time per level.
                   A        B        C        D        E       F      G
               +--------+--------+--------+--------+--------+-----+--------+
         Total |  10029 |   9851 |    178 |    998 |   7062 |   8 | 1253.6 |
       Dungeon |   9892 |   9714 |    178 |    998 |   7062 |   7 | 1413.1 |
        Temple |    136 |    136 |      0 |      0 |      0 |   1 |  136.0 |
               +--------+--------+--------+--------+--------+-----+--------+

Top non-repeatable levels by time:
     D:7: 2207 daAuts
     D:6: 1800 daAuts
     D:4: 1448 daAuts
     D:5: 1380 daAuts
     D:3: 1067 daAuts
     D:1: 1066 daAuts
     D:2: 921 daAuts
  Temple: 136 daAuts
